 Dungeon Crawl Stone Soup version 0.30-a0-222-ge547ba4400 (webtiles) character file.

Game seed: 3025987220227025752

126 dlkrklf the Vexing (level 4, -1/21 HPs)
             Began as a Spriggan Enchanter on Oct 9, 2022.
             Succumbed to an adder's poison
             ... on level 4 of the Dungeon.
             The game lasted 00:08:34 (3327 turns).

dlkrklf the Vexing (Spriggan Enchanter)             Turns: 3327, Time: 00:08:35

Health: -1/21      AC:  3    Str:  6    XL:     4   Next: 83%
Magic:  2/11       EV: 17    Int: 16    God:
Gold:   162        SH:  0    Dex: 15    Spells: 4/12 levels left

rFire   . . .      SeeInvis +    a - +1 dagger
rCold   . . .      Faith    .    (no shield)
rNeg    . . .      Spirit   .    b - +0 robe
rPois   .          Reflect  .    (helmet restricted)
rElec   .          Harm     .    g - +0 cloak
rCorr   .          Rampage  .    (gloves unavailable)
Will    .....                    (boots unavailable)
Stlth   +++.......               (no amulet)
HPRegen 0.23/turn                (no ring)
MPRegen 0.12/turn                (no ring)

@: lethally poisoned (-1 -> -7), very quick
A: very small, no large weapons, unfitting armour, see invisible, speed 3
a: no special abilities


You were on level 4 of the Dungeon.
You visited 1 branch of the dungeon, and saw 4 of its levels.

You collected 162 gold pieces.

Inventory:

Hand Weapons
 a - a +1 dagger (weapon)
Armour
 b - a +0 robe (worn)
 g - a +0 cloak (worn)
Potions
 c - 2 potions of invisibility
 d - a potion of haste
 e - a potion of flight
 f - 2 potions of curing
 h - a potion of might
 i - 3 potions of brilliance {unknown}
 j - 2 potions of degeneration {unknown}


   Skills:
 - Level 1.1 Short Blades
 - Level 2.6 Dodging
 - Level 4.4 Stealth
 + Level 4.8 Spellcasting
 + Level 5.4 Hexes


You had 4 spell levels left.
You knew the following spells:

 Your Spells              Type           Power      Damage    Failure   Level
a - Ensorcelled Hibernat  Hex/Ice        24%        N/A       8%          2
b - Tukima's Dance        Hex            21%        N/A       4%          3
d - Confusing Touch       Hex            21%        N/A       4%          3

Your spell library contained the following spells:

 Spells                   Type           Power      Damage    Failure   Level
 Summon Small Mammal      Summ           12%        N/A       16%         1
 Dazzling Flash           Conj/Hex       24%        N/A       16%         3
 Summon Guardian Golem    Hex/Summ       12%        N/A       16%         3
 Call Canine Familiar     Summ           3%         N/A       43%         3
 Airstrike                Air            1%         2d(1-17)  83%         4
 Summon Lightning Spire   Summ/Air       3%         N/A       83%         4
 Lightning Bolt           Conj/Air       1%         1d12      99%         5


Dungeon Overview and Level Annotations

Branches:
Dungeon (4/15)
 Temple: D:4-7

Altars:
Ru
Trog
Uskayaw
Xom

Shops:
D:1 :


Innate Abilities, Weirdness & Mutations

You are very small and have problems with some larger weapons.
You are too small for most types of armour.
You have supernaturally acute eyesight. (SInv)
You cover ground extremely quickly. (Speed+++)


Message History

Aiming: Ensorcelled Hibernation (safe; 8% risk of failure)
Press: ? - help, Shift-Dir - straight line, f/p - adder
Aim: an adder (chance to affect: 54%)
The adder resists with significant effort.
You feel sick. The adder misses you.
Unknown command.
Casting: Ensorcelled Hibernation (safe; 8% risk of failure)
Confirm with . or Enter, or press ? or * to list all spells.
You don't have enough magic to cast this spell.
Unknown command.
Unknown command.
You barely miss the adder.
You feel sick. The adder closely misses you.
The adder bites you but does no damage.
You miss the adder.
You feel sick. The adder barely misses you.
You barely miss the adder.
You feel sick. The adder bites you.
You are more poisoned.
The adder poisons you!
You hit the adder.
The adder is heavily wounded.
You feel sick. The adder completely misses you.
You hit the adder.
The adder is severely wounded.
You feel sick. The adder closely misses you.
You closely miss the adder.
The adder is severely wounded.
You feel sick. The adder bites you.
* * * LOW HITPOINT WARNING * * *
You are more poisoned.
The adder poisons you! The adder barely misses you.
You closely miss the adder.
The adder is severely wounded.
* * * LOW HITPOINT WARNING * * *
You feel sick. The adder misses you.
You closely miss the adder.
The adder is severely wounded.
* * * LOW HITPOINT WARNING * * *
You feel sick. The adder misses you.
You hit the adder.
You kill the adder!
You die...

#.........<....+
#.###..######..#
#....>.........#
#####..######..###
#............###
#####..........#
#..........##
#.†.........#
#.@.........#
#...........#
#...........#
#...........#
#...........#
###########...
.... ..h


There were no monsters in sight!

Vanquished Creatures
  A dancing weapon (D:2)
  Crazy Yiuf (D:2)
  4 adders
  3 worms
  6 orcs (D:3)
  2 bats (D:1)
  2 endoplasms (D:1)
  5 giant cockroaches
  5 hobgoblins
  2 jackals (D:4)
  4 kobolds
  3 quokkas
  5 ball pythons
  3 frilled lizards
  4 goblins
  8 rats
58 creatures vanquished.

Notes
Turn   | Place    | Note
-------+----------+-------------------------------------------
     0 | D:1      | dlkrklf the Spriggan Enchanter began the quest for the Orb.
     0 | D:1      | Reached XP level 1. HP: 9/9 MP: 5/5
   151 | D:1      | Reached skill level 4 in Hexes
   172 | D:1      | Reached XP level 2. HP: 13/13 MP: 7/7
   175 | D:1      | Learned a level 2 spell: Ensorcelled Hibernation
   312 | D:1      | Found Onedoi's Book Shoppe.
   841 | D:1      | Found a faded altar of an unknown god.
  1072 | D:2      | Reached XP level 3. HP: 16/16 MP: 3/9
  1474 | D:2      | Found a runed translucent door.
  1475 | D:2      | Noticed Crazy Yiuf
  1507 | D:2      | Learned a level 3 spell: Tukima's Dance
  1511 | D:2      | Learned a level 3 spell: Confusing Touch
  1522 | D:2      | Killed Crazy Yiuf
  1523 | D:2      | Reached skill level 5 in Hexes
  1523 | D:2      | Reached XP level 4. HP: 21/21 MP: 4/11
  1651 | D:2      | Found a bloodstained altar of Trog.
  1801 | D:3      | Found a hide-covered altar of Uskayaw.
  2124 | D:3      | Found a sacrificial altar of Ru.
  2967 | D:3      | Found a shimmering altar of Xom.
  3089 | D:4      | Noticed a scorpion
  3326 | D:4      | HP: 1/21 [poisoned by an adder]
  3327 | D:4      | Succumbed to an adder's poison

Illustrated notes

Levels and vault maps discovered:
D:1:      nagdon_arrival_zigzag_paths, layout_basic,
          chequers_ecumenical_altar_grove, serial_shops,
          nicolae_shop_advertising_works [nicolae_subvault_shop_adworks],
          roderic_lattice_a
D:2:      layout_loops_ring, basic_altar, uniq_crazy_yiuf_cottage
D:3:      layout_basic, nicolae_uskayaw_dance_hall, nicolae_ru_path_of_blood,
          mainiacjoe_overflow_alcove_4
D:4:      layout_basic, nicolae_qazlal_scattered_showers,
          cheibrodos_ashenzari_chains, lemuel_zombie_altar_yredelemnul,
          grunt_gozag_statues, minmay_misc_feat_rows

Skill      XL: |  1  2  3 |
---------------+----------+-----
Spellcasting   | 3 4 |  4.8
Hexes          | 4 5 |  5.4
Short Blades   | |  1.1
Dodging        | |  2.6
Stealth        | |  4.4

Action                   |  1- 3 |  4- 6 || total
-------------------------+-------+-------++-------
Melee: Dagger            |   104 |   110 ||   214
       Punch             |     2 |       ||     2
 Cast: Ensorcelled Hiber |     4 |    24 ||    28
       Tukima's Dance    |     1 |     2 ||     3
       Confusing Touch   |     1 |       ||     1
  Use: Scroll            |     4 |     5 ||     9
 Stab: Sleeping          |    14 |    10 ||    24
       Confused          |     1 |       ||     1
Armor: Robe              |    11 |    14 ||    25
Dodge: Dodged            |    71 |    86 ||   157

Table legend: (Time is in decaauts)
 A = Elapsed time spent in this place.
 B = Non-inter-level travel time spent in this place.
 C = Inter-level travel time spent in this place.
 D = Time resting spent in this place.
 E = Time spent auto-exploring this place.
 F = Levels seen in this place.
 G = Mean time per level.
                   A        B        C        D        E       F      G
               +--------+--------+--------+--------+--------+-----+--------+
         Total |   2379 |   2318 |     61 |     42 |   1740 |   4 |  594.8 |
       Dungeon |   2379 |   2318 |     61 |     42 |   1740 |   4 |  594.8 |
               +--------+--------+--------+--------+--------+-----+--------+

Top non-repeatable levels by time:
     D:3: 1041 daAuts
     D:1: 633 daAuts
     D:2: 563 daAuts
     D:4: 141 daAuts
